 Dungeon Crawl Stone Soup version 0.25.1-9-gc5326a611f (webtiles) character file.

Game seed: 11719314195413612204

871942 gainzmaster the Impregnable (level 27, -3/284 HPs)
             Began as a Deep Dwarf Fighter on Dec 26, 2020.
             Was the Champion of Makhleb.
             Slain by an emperor scorpion (11 damage)
             ... summoned by a greater mummy
             ... on level 1 of the Tomb of the Ancients on Dec 27, 2020.
             The game lasted 02:50:31 (59707 turns).

gainzmaster the Impregnable (Deep Dwarf Fighter)   Turns: 59707, Time: 02:50:32

Health: -3/284     AC: 50    Str: 28    XL:     27
Magic:  43/43      EV:  8    Int: 11    God:    Makhleb [******]
Gold:   10029      SH: 31    Dex: 17    Spells: 37/61 levels left

rFire    + . .     SeeInvis .   g - +9 broad axe (flame) {Faithful}
rCold    + . .     Gourm    .   r - +4 tower shield {rF+}
rNeg     + + +     Faith    .   Z - +0 crystal plate armour
rPois    +         Spirit   .   a - +0 helmet "Azaitheunk" {rN+}
rElec    +         Reflect  .   j - +2 cloak {MR+}
rCorr    .         Harm     .   h - +3 pair of gauntlets of War {Slay+5, lit}
MR       +++++     Rnd*Rage +   c - +2 pair of boots
Stlth    ..........             K - necklace of Bloodlust {*Rage +Rage MR++ Int-3 Slay+6 *Curse}
HPRegen  0.00/turn              C - ring "Qocafivo" {rElec rN++ AC+4 Slay+5}
MPRegen  0.28/turn              t - ring of Ykosob {+Inv rPois rC+ Dex+5 Slay+3}

@: berserk cooldown, non-regenerating, slowed, very slow
A: damage resistance, heal wounds, talons 1, magic resistance 2, mutation
resistance 1, negative energy resistance 1, sense surroundings 3, MP-powered
wands, no regeneration
}: 6/15 runes: decaying, serpentine, slimy, silver, obsidian, abyssal
a: Heal Wounds, Minor Destruction, Lesser Servant of Makhleb, Major Destruction,
Greater Servant of Makhleb, Renounce Religion, Evoke Berserk Rage, Evoke
Invisibility


You were on level 1 of the Tomb of the Ancients.
You worshipped Makhleb.
Makhleb was exalted by your worship.
You were hungry.

You visited 16 branches of the dungeon, and saw 69 of its levels.
You visited the Abyss 1 time.
You also visited: Trove and Gauntlet.

You collected 12799 gold pieces.
You spent 2770 gold pieces at shops.

Inventory:

Hand Weapons
 g - a +9 broad axe of flaming (weapon) {Faithful}
Missiles
 y - 75 javelins (quivered)
 z - 2187 bolts
Armour
 a - the +0 helmet "Azaitheunk" (worn) {rN+}
   (You found it in a treasure trove)

   It protects you from negative energy.
 b - a +0 cloak of preservation
 c - a +2 pair of boots (worn)
 h - the +3 pair of gauntlets of War (worn) {Slay+5, lit}
   (You found it in a Gauntlet)

   It affects your accuracy and damage with ranged weapons and melee attacks
   (+5).
 j - a +2 cloak of magic resistance (worn)
 r - a +4 tower shield of fire resistance (worn)
 P - a +2 helmet
 Z - a +0 crystal plate armour (worn)
Jewellery
 o - an uncursed ring of fire
 p - the ring "Koublom" {*Tele *Slow rF+ Int+4}
   (You found it on level 4 of the Realm of Zot)

   [ring of teleportation]

   It may teleport you next to monsters.
   It affects your intelligence (+4).
   It protects you from fire.
   It may slow you when you take damage.
 t - the ring of Ykosob (right hand) {+Inv rPois rC+ Dex+5 Slay+3}
   (You acquired it on level 2 of the Orcish Mines)

   [ring of protection from cold]

   It affects your dexterity (+5).
   It affects your accuracy and damage with ranged weapons and melee attacks
   (+3).
   It protects you from cold.
   It protects you from poison.
   It lets you turn invisible.
 C - the ring "Qocafivo" (left hand) {rElec rN++ AC+4 Slay+5}
   (You found it on level 2 of the Depths)

   [ring of protection]

   It affects your AC (+4).
   It affects your accuracy and damage with ranged weapons and melee attacks
   (+5).
   It insulates you from electricity.
   It greatly protects you from negative energy.
 F - a +6 ring of intelligence
 K - the necklace of Bloodlust (around neck) {*Rage +Rage MR++ Int-3 Slay+6 *Curse}
   (You bought it in a shop on level 1 of the Snake Pit)

   [amulet of nothing]

   It affects your intelligence (-3).
   It affects your accuracy and damage with ranged weapons and melee attacks
   (+6).
   It affects your resistance to hostile enchantments.
   It lets you go berserk.
   It may make you go berserk in combat.
   It curses itself when equipped.
 M - a cursed ring of flight
 R - the ring of Egalitarianism {Wiz MR+++ MP-9 SInv}
   (You took it off a skeletal warrior on level 1 of the Tomb of the Ancients)

   [ring of wizardry]

   It improves your spell success rate.
   It affects your resistance to hostile enchantments.
   It affects your magic capacity (-9).
   It lets you see invisible.
Wands
 d - a wand of random effects (3)
 s - a wand of acid (47)
 U - a wand of digging (18)
Scrolls
 e - 34 scrolls of identify
 i - 2 scrolls of holy word
 m - 9 scrolls of enchant weapon
 n - 37 scrolls of teleportation
 u - 20 scrolls of remove curse
 v - 10 scrolls of magic mapping
 w - 6 scrolls of fear
 x - 7 scrolls of enchant armour
 E - 5 scrolls of brand weapon
 G - 2 scrolls of summoning
 I - a scroll of silence
 O - 7 scrolls of immolation
 V - 6 scrolls of blinking
 W - 2 scrolls of amnesia
Potions
 k - 2 potions of magic
 l - 22 potions of curing
 q - 5 potions of flight
 A - a potion of brilliance
 B - 4 potions of berserk rage
 D - 7 potions of cancellation
 H - 2 potions of stabbing
 J - 5 potions of resistance
 L - 7 potions of mutation
 N - 5 potions of lignification
 Q - 8 potions of might
 T - 5 potions of invisibility
 X - 10 potions of heal wounds
 Y - 7 potions of haste
Miscellaneous
 S - 10 phantom mirrors
Comestibles
 f - 114 rations


   Skills:
 * Level 23.6 Fighting
 - Level 23.0 Axes
   Level 11.3 Crossbows
 - Level 4.1 Throwing
 - Level 25.7 Armour
 - Level 25.0 Shields
 * Level 17.7 Spellcasting
 - Level 14.0 Necromancy
 + Level 15.7 Translocations
 * Level 9.9 Transmutations
 - Level 9.4 Invocations
 - Level 10.7 Evocations


You had 37 spell levels left.
You knew the following spells:

 Your Spells              Type           Power        Failure   Level  Hunger
a - Ignition              Fire           #.........   100%        8    #######
b - Controlled Blink      Tloc           N/A          98%         8    #######
c - Necromutation         Tmut/Necr      #####.....   100%        8    #######

Your spell library contained the following spells:

 Spells                   Type           Power        Failure   Level  Hunger
 Animate Skeleton         Necr           N/A          1%          1    None
 Apportation              Tloc           #####.       1%          1    None
 Beastly Appendage        Tmut           ####..       1%          1    None
 Pain                     Necr           ####         1%          1    None
 Blink                    Tloc           N/A          1%          2    None
 Sticks to Snakes         Tmut           ####....     1%          2    None
 Sublimation of Blood     Necr           #####.....   1%          2    None
 Gell's Gravitas          Tloc           #####.....   1%          3    None
 Lesser Beckoning         Tloc           #####.....   1%          3    None
 Vampiric Draining        Necr           #####.....   1%          3    None
 Animate Dead             Necr           N/A          1%          4    ##.....
 Passage of Golubria      Tloc           N/A          1%          4    ##.....
 Shroud of Golubria       Chrm/Tloc      ####..       2%          2    None
 Corpse Rot               Necr/Air       N/A          3%          2    None
 Agony                    Necr           #####...     3%          5    #####..
 Sting                    Tmut/Pois      ###.         4%          1    None
 Recall                   Summ/Tloc      N/A          4%          3    None
 Passwall                 Tmut/Erth      ###.....     8%          2    None
 Spider Form              Tmut/Pois      ###.......   16%         3    None
 Iskenderun's Mystic Bla  Conj/Tloc      ####....     16%         4    ##.....
 Blade Hands              Tmut           ####......   19%         5    #####..
 Death Channel            Necr           #####.....   19%         6    ######.
 Ignite Poison            Fire/Tmut/Pois ###.....     30%         3    None
 Corona                   Hex            #......      36%         1    None
 Freeze                   Ice            #...         36%         1    None
 Magic Dart               Conj           #...         36%         1    None
 Sandblast                Erth           #.....       36%         1    None
 Summon Butterflies       Summ           #.......     36%         1    None
 Summon Small Mammal      Summ           #...         36%         1    None
 Summon Forest            Summ/Tloc      ####......   38%         5    #####..
 Ice Form                 Ice/Tmut       ###.....     45%         4    ##.....
 Petrify                  Tmut/Erth      ###.....     45%         4    ##.....
 Call Imp                 Summ           #.......     50%         2    None
 Ensorcelled Hibernation  Hex/Ice        #.....       50%         2    None
 Poisonous Vapours        Pois/Air       #.....       50%         2    None
 Searing Ray              Conj           #.....       50%         2    None
 Slow                     Hex            #.......     50%         2    None
 Borgnjor's Vile Clutch   Necr/Erth      ####......   52%         5    #####..
 Excruciating Wounds      Chrm/Necr      ####......   52%         5    #####..
 Hydra Form               Tmut           ####......   69%         6    ######.
 Call Canine Familiar     Summ           #.......     75%         3    None
 Confusing Touch          Hex            #.......     75%         3    None
 Conjure Flame            Conj/Fire      #.......     75%         3    None
 Dazzling Flash           Conj/Hex       #.....       75%         3    None
 Frozen Ramparts          Ice            #.....       75%         3    None
 Mephitic Cloud           Conj/Pois/Air  #.......     75%         3    None
 Ozocubu's Armour         Chrm/Ice       #.......     75%         3    None
 Stone Arrow              Conj/Erth      #.....       75%         3    None
 Summon Guardian Golem    Hex/Summ       #.......     75%         3    None
 Tukima's Dance           Hex            #.......     75%         3    None
 Alistair's Intoxication  Tmut/Pois      ###.....     80%         5    #####..
 Irradiate                Conj/Tmut      ###.......   80%         5    #####..
 Yara's Violent Unravell  Hex/Tmut       ###.......   80%         5    #####..
 Simulacrum               Ice/Necr       ####......   97%         6    ######.
 Fulminant Prism          Conj/Hex       #.........   98%         4    ##.....
 Hailstorm                Conj/Ice       #.......     98%         4    ##.....
 Leda's Liquefaction      Hex/Erth       #.........   98%         4    ##.....
 Olgreb's Toxic Radiance  Pois           #.......     98%         4    ##.....
 Summon Ice Beast         Ice/Summ       #.......     98%         4    ##.....
 Summon Lightning Spire   Summ/Air       #.......     98%         4    ##.....
 Dragon Form              Tmut           ####......   99%         7    #######
 Aura of Abjuration       Summ           #.........   100%        5    #####..
 Bolt of Magma            Conj/Fire/Erth #.........   100%        5    #####..
 Fireball                 Conj/Fire      #.........   100%        5    #####..
 Iskenderun's Battlesphe  Conj/Chrm      #.......     100%        5    #####..
 Lee's Rapid Deconstruct  Erth           #.........   100%        5    #####..
 Lightning Bolt           Conj/Air       #.........   100%        5    #####..
 Metabolic Englaciation   Hex/Ice        #.........   100%        5    #####..
 Silence                  Hex/Air        #.........   100%        5    #####..
 Summon Demon             Summ           #.........   100%        5    #####..
 Summon Mana Viper        Hex/Summ       #.......     100%        5    #####..
 Conjure Ball Lightning   Conj/Air       #.........   100%        6    ######.
 Darkness                 Hex            #.........   100%        6    ######.
 Freezing Cloud           Conj/Ice/Air   #.........   100%        6    ######.
 Iron Shot                Conj/Erth      #.........   100%        6    ######.
 Ozocubu's Refrigeration  Ice            #.........   100%        6    ######.
 Shadow Creatures         Summ           N/A          100%        6    ######.
 Starburst                Conj/Fire      #.........   100%        6    ######.
 Statue Form              Tmut/Erth      ###......    100%        6    ######.
 Haunt                    Necr/Summ      ####......   100%        7    #######
 Malign Gateway           Summ/Tloc      ####......   100%        7    #######
 Ring of Flames           Chrm/Fire      #.........   100%        7    #######
 Summon Hydra             Summ           #.........   100%        7    #######
 Borgnjor's Revivificati  Necr           #####.....   100%        8    #######
 Death's Door             Chrm/Necr      ####......   100%        8    #######
 Infestation              Necr           #####.....   100%        8    #######
 Shatter                  Erth           #.........   100%        9    #######
 Tornado                  Air            #.........   100%        9    #######


Dungeon Overview and Level Annotations

Branches:
Dungeon (15/15)            Temple (1/1) D:6            Lair (6/6) D:8
  Swamp (4/4) Lair:2        Snake (4/4) Lair:2        Slime (5/5) Lair:6
    Orc (2/2) D:10            Elf (3/3) Orc:2        Vaults (5/5) D:13
  Crypt (3/3) Vaults:2       Tomb (2/3) Crypt:3      Depths (5/5) D:15
   Hell (visited)             Dis (1/7) Hell            Geh (7/7) Hell
    Coc (0/7) Hell            Tar (0/7) Hell            Zot (5/5) Depths:5
Gauntlet (visited)

Altars:
Ashenzari
Cheibriados
Dithmenos
Gozag
Hepliaklqana
Kikubaaqudgha
Makhleb
Nemelex Xobeh
Okawaru
Qazlal
Ru
Sif Muna
Trog
Uskayaw
Vehumet
Wu Jian
Xom
Yredelemnul
The Shining One
Jiyva
Lugonu

Shops:
D:4 %   D:7 *   Orc:1 ?   Orc:2 [*!*   Elf:3 (*   Snake:1 =}=   Snake:2 %
Vaults:4 *

Portals:
Hell: Depths:1 Depths:2 Depths:3 Depths:4 Depths:5
Abyss: Depths:4
Pandemonium: Depths:2 Depths:3
Ziggurat: Depths:3

Annotations:
D:5 1 runed translucent door
D:7 Prince Ribbit
Depths:2 exclusion: obsidian statue


Innate Abilities, Weirdness & Mutations

You are resistant to damage.
You can heal yourself by infusing magical energy.
You resist negative energy. (rN+)
You passively map a large area around you.
You do not regenerate.
You have sharp toenails.
You are highly resistant to hostile enchantments. (MR++)
You are somewhat resistant to further mutation.
You expend magic power (3 MP) to strengthen your wands.


Message History

The greater mummy barely misses you.
The ynoxinul gestures.
There are monsters nearby!
You feel better.
You are feeling hungry.
You block the mana viper's attack. You block the flying skull's attack.
You block the emperor scorpion's attack. x4
The emperor scorpion claws you!
* * * LOW HITPOINT WARNING * * *
The emperor scorpion claws you!
* * * LOW HITPOINT WARNING * * *
The red devil hits you but does no damage.
The greater mummy hits you but does no damage.
The mana viper bites you but does no damage.
The flying skull hits you but does no damage.
The ynoxinul gestures.
The greater mummy casts a spell at you. Something smites you!
* * * LOW HITPOINT WARNING * * *
The emperor scorpion stings you!
You die...

...........................8...8.
.................................
........##################.......
........# ** * * #.8...8.
........# *, *# #.......
........# , , , .## #.......
........# ,, ,,####...## #.8...8.
........# ,, ##.zM#...# #.......
........# ,,##S@sSM#.., #.......
........#* ,*#.ZsM4W3# *#.8...8.
........# ##sMM3z#... #.......
........# , ##s5.#5..# #.......
........# ,####5..#* #.8...8.
........# , ..## #.......
........# ## ##'''''# ........#
##############....... ........#
#..^.#.....#.........


You could see 4 greater mummies, 4 emperor scorpions, a soul eater (summoned), 2
mana vipers, a hungry ghost (summoned), a ynoxinul (summoned), a red devil
(summoned), 2 flying skulls, a mummy (summoned), 3 ufetubi and a dire elephant
skeleton (summoned).

Vanquished Creatures
  Asmodeus (Geh:7)
  the Royal Jelly (Slime:5)
  6 orbs of fire
  Khufu (Crypt:1)
  5 ancient liches
  The ghost of Synox the Slayer, a legendary FoFi of Ru (Vaults:1)
  Boris (Tomb:2)
  11 greater mummies
  Sojobo (Crypt:2)
  the Lernaean hydra (Swamp:4)
  6 Killer Klowns
  Saint Roka (Snake:3)
  Margery (Crypt:3)
  Vashnia (Snake:3)
  2 curse toes
  Nikola (Vaults:1)
  13 golden dragons
  Jory (Crypt:2)
  Geryon (Hell)
  A profane servitor (Crypt:3)
  4 bone dragons
  9 Brimstone Fiends
  4 electric golems
  2 Tzitzimimeh (Depths:3)
  12 tentacled monstrosities
  Rupert (Lair:6)
  25 Orb Guardians (Zot:5)
  4 deep elf blademasters
  8 quicksilver dragons
  2 deep elf master archers (Elf:3)
  12 liches
  24 acid blobs
  2 titans (Vaults:5)
  An Executioner (Abyss:4)
  3 ancient champions
  16 death cobs
  7 shadow dragons
  9 tentacled starspawn
  10 sphinxes
  Donald (Vaults:1)
  Kirke (D:13)
  7 tengu reavers
  16 storm dragons
  A thorn hunter (Swamp:2)
  4 revenants
  4 draconian monks
  A storm dragon (shapeshifter) (Depths:2)
  6 azure jellies
  14 fire giants
  17 vault wardens
  8 nagarajas
  11 deep elf sorcerers
  7 ghost moths
  3 draconian knights (Zot:2)
  Aizul (Snake:1)
  8 frost giants
  4 draconian scorchers
  11 balrugs
  3 cacodemons (Zot:4)
  An iron dragon (Depths:5)
  11 draconian shifters
  19 stone giants
  7 draconian annihilators
  13 deep elf elementalists
  Louise (Elf:1)
  9 war gargoyles
  11 ironheart preservers
  A juggernaut skeleton (Depths:3)
  3 spriggan defenders
  A curse skull (Crypt:1)
  A ghoul (Crypt:3)
  An entropy weaver (shapeshifter) (Depths:2)
  28 very ugly things
  15 reapers
  An entropy weaver (Vaults:1)
  11 vampire knights
  13 black draconians
  A bennu (Tomb:1)
  9 green draconians
  6 deep elf demonologists
  A lorocyproca (Abyss:5)
  A minotaur (Gauntlet)
  10 purple draconians
  14 red draconians
  9 deep elf annihilators
  15 white draconians
  8 yellow draconians
  2 spark wasps (Depths:3)
  A green death (Abyss:4)
  A merfolk javelineer (Depths:5)
  3 blizzard demons
  15 ettins
  22 jiangshi
  3 eidola
  A merfolk impaler (Abyss:5)
  9 mummy priests
  7 deep elf death magi
  6 death oozes (Slime:5)
  9 crystal guardians (Depths:2)
  Josephine (D:15)
  9 fire dragons
  2 kraken zombies (Hell)
  9 ice dragons
  22 yaktaur captains
  9 great orbs of eyes
  8 deep elf high priests
  35 vault guards
  8 death knights
  25 hydras
  4 rakshasas
  A ghost crab (Swamp:4)
  17 naga warriors
  2 shambling mangroves
  3 catoblepae
  6 spriggan air magi
  A hell beast (Depths:3)
  19 anacondas
  9 centaur warriors
  2 anacondas (shapeshifter)
  7 tengu warriors
  3 death yaks (Lair:6)
  20 alligators
  42 two-headed ogres
  5 deep troll earth magi
  The ghost of Noeciz the Basher, a journeyman GrFi of Nemelex Xobeh (D:12)
  42 dancing weapons
  16 death scarabs (Tomb:1)
  13 ogre magi
  22 hell hogs
  4 vampire magi
  4 spriggan berserkers
  2 orc high priests
  6 deep troll shamans
  6 shock serpents
  4 titan zombies
  15 naga sharpshooters
  11 sun demons
  11 thrashing horrors
  A soul eater (Depths:3)
  A storm dragon zombie (Geh:2)
  19 deep elf knights
  A titan skeleton (Geh:4)
  8 wretched stars
  69 hell knights
  3 salamander mystics
  A spectral human (Vaults:1)
  52 skeletal warriors
  A sixfirhy (Abyss:3)
  3 shadow wraiths
  5 spatial maelstroms
  20 deep trolls
  2 unseen horrors
  2 spriggan druids (Swamp:4)
  An unseen horror (shapeshifter) (Vaults:3)
  11 naga ritualists
  2 quicksilver dragon simulacra
  A glowing orange brain (shapeshifter) (Depths:2)
  A sea snake (shapeshifter) (Vaults:4)
  3 storm dragon skeletons
  12 flayed ghosts
  3 golden dragon zombies
  2 anaconda zombies
  12 swamp dragons
  A lindwurm (Lair:6)
  3 obsidian statues (Depths:2)
  4 wizards
  A shadow dragon zombie (Geh:3)
  2 golden dragon skeletons
  8 glowing orange brains
  A harpy (Vaults:3)
  22 ironbrand convokers
  17 deep elf archers
  3 wolf spider zombies
  12 phantasmal warriors
  24 necromancers
  2 iron dragon zombies
  56 ugly things
  18 orc knights
  4 mana vipers (shapeshifter)
  8 cyclopes
  A lindwurm (shapeshifter) (Depths:2)
  A spectral ettin (Vaults:1)
  5 wolf spiders
  62 deep elf magi
  7 mana vipers
  9 orc sorcerers
  3 anaconda skeletons
  3 fire giant zombies
  4 shining eyes
  A shadow dragon skeleton (Geh:3)
  7 manticores
  2 worldbinders
  9 salamanders
  3 stone giant zombies
  2 frost giant zombies
  An iron dragon skeleton (Geh:7)
  37 moths of wrath
  2 salamanders (shapeshifter)
  10 smoke demons
  A torpor snail (shapeshifter) (Depths:2)
  4 apocalypse crabs
  25 elephants
  2 shock serpent zombies
  9 guardian serpents
  3 fire giant skeletons
  5 stone giant skeletons
  An ice statue (Hell)
  21 vault sentinels
  An eye of devastation (shapeshifter) (D:15)
  2 orange demons (Abyss:4)
  32 black mambas
  6 molten gargoyles
  3 eyes of devastation
  3 torpor snails
  A frost giant skeleton (Geh:7)
  16 naga magi
  A storm dragon simulacrum (Vaults:1)
  5 gargoyles
  2 elephant slug zombies (Crypt:2)
  The ghost of Frank the Insei, a novice DsGl (D:5)
  19 spiny frogs
  2 dire elephant skeletons
  11 freezing wraiths
  8 centaur skeletons
  A rime drake (shapeshifter) (Depths:4)
  3 rime drakes
  An emperor scorpion zombie (Geh:2)
  47 yaktaurs
  22 hellions
  8 tengu conjurers
  15 efreet
  2 demonic crawlers (Hell)
  The ghost of MajorAdolf the Skirmisher, an amateur NaWn of Gozag (D:3)
  4 komodo dragons
  7 ice devils (Hell)
  7 tormentors
  A hellwing (Abyss:4)
  A harpy zombie (Geh:3)
  A merfolk (shapeshifter) (Depths:2)
  11 red devils
  22 guardian mummies
  3 hydra zombies
  8 ancient zymes
  3 wind drakes (Depths:2)
  A catoblepas skeleton (Crypt:1)
  13 trolls
  A meliai (shapeshifter) (D:15)
  A queen bee (shapeshifter) (D:15)
  38 blink frogs
  Grinder (D:3)
  10 tyrant leeches
  A wind drake (shapeshifter) (Abyss:4)
  74 slime creatures
  3 alligator zombies (Geh:2)
  An iron dragon simulacrum (Hell)
  A jumping spider (shapeshifter) (Vaults:3)
  A raiju (shapeshifter) (Elf:2)
  14 hornets
  6 hydra skeletons
  36 raiju
  12 dream sheep (Lair:6)
  A stone giant simulacrum (Crypt:3)
  6 bog bodies
  A polar bear (Lair:4)
  A sphinx simulacrum (Vaults:1)
  A frost giant simulacrum (Abyss:4)
  An ettin zombie (Crypt:3)
  18 hippogriffs
  2 fire dragon zombies
  2 fire giant simulacra
  An ice dragon zombie (Abyss:2)
  A tarantella (shapeshifter) (Vaults:3)
  A centaur simulacrum (D:15)
  2 black mamba zombies
  66 flying skulls
  2 fire dragon skeletons
  A spriggan (shapeshifter) (Depths:1)
  7 spriggans
  7 shadows
  28 large abominations
  A redback (shapeshifter) (Depths:5)
  17 water elementals
  9 air elementals
  10 ushabtiu
  23 wraiths
  A yak (shapeshifter) (Depths:1)
  4 vampires
  7 ynoxinuls
  41 yaks
  7 wyverns
  4 hogs (D:13)
  14 small abominations
  22 fire elementals
  19 golden eyes
  10 chaos spawn
  2 hungry ghosts
  A steam dragon (D:11)
  4 basilisks
  A human (shapeshifter) (Vaults:3)
  25 vampire mosquitoes
  2 insubstantial wisps (Depths:2)
  11 neqoxecs
  12 wargs
  A merfolk zombie (Geh:1)
  53 nagas
  4 spatial vortices
  2 acid dragons
  An orb spider zombie (Crypt:2)
  13 swamp worms
  2 spiny frog zombies
  11 water moccasins
  Duvessa (D:7)
  2 porcupines
  30 hell hounds
  12 swamp drakes
  A floating eye (Slime:5)
  2 human skeletons
  3 sky beasts
  3 black bears
  41 starcursed masses
  2 snapping turtle zombies
  An ice beast (shapeshifter) (Vaults:2)
  50 orc warriors
  2 eyes of draining (shapeshifter)
  A manticore zombie (Geh:2)
  5 eyes of draining
  An ice beast (D:6)
  3 ettin simulacra
  8 necrophages
  5 phantoms
  A swamp dragon skeleton (Geh:2)
  A boggart (Vaults:3)
  38 ogres
  11 wolves
  18 centaurs
  A crocodile (shapeshifter) (Vaults:1)
  An elf simulacrum (Vaults:1)
  5 elf zombies (Elf:1)
  2 torpor snail zombies (Crypt:1)
  15 crocodiles
  A rime drake zombie (Crypt:2)
  5 big kobolds
  2 gnoll sergeants
  A wyvern zombie (D:14)
  14 bullfrogs
  A hippogriff skeleton (Crypt:2)
  14 earth elementals
  A glowing shapeshifter simulacrum (Vaults:1)
  Dowan (D:7)
  4 scorpions
  6 killer bees (D:9)
  54 wights
  4 howler monkeys
  5 crimson imps
  3 human simulacra
  2 bullfrog zombies
  7 centaur zombies
  A human zombie (Crypt:1)
  3 quasits
  Crazy Yiuf (D:7)
  5 hounds
  3 jellies
  41 orc priests
  53 orc wizards
  3 iron imps (Abyss:4)
  5 bullfrog skeletons
  5 iguanas
  11 worker ants
  A lightning spire (Abyss:5)
  A sky beast zombie (Crypt:2)
  2 tengu skeletons
  2 tengu zombies
  A big kobold skeleton (Crypt:1)
  A hound zombie (D:10)
  2 hound skeletons (D:7)
  35 mummies
  A worker ant zombie (D:8)
  18 gnolls
  2 howler monkey skeletons
  14 adders
  2 river rats (D:5)
  6 shadow imps
  2 white imps
  3 ufetubi (Abyss:4)
  An ooze (D:1)
  3 adder skeletons
  A lava snake skeleton (Crypt:1)
  4 worms
  2 dart slugs (D:2)
  6 leopard geckos
  136 orcs
  6 giant cockroaches
  6 goblins
  11 hobgoblins
  11 jackals
  A quokka (D:8)
  A ball python skeleton (Crypt:2)
  7 bats
  3 frilled lizards
  17 kobolds
  7 rats
  3 crawling corpses (Elf:3)
  4 fungi
  3 plants
  18 starspawn tentacles
  5 tentacles (Hell)
3577 creatures vanquished.

Vanquished Creatures (collateral kills)
  A vampire knight (Depths:1)
  A phantasmal warrior (Depths:1)
2 creatures vanquished.

Vanquished Creatures (others)
  A lich (Geh:3)
  A tengu reaver (Crypt:2)
  A draconian knight (Zot:3)
  A fire giant (Vaults:5)
  A bennu (Tomb:1)
  A fire dragon (Depths:1)
  An alligator (Swamp:4)
  4 hell hogs
  A deep elf knight (Elf:3)
  A quicksilver dragon simulacrum (Abyss:4)
  A moth of wrath (Zot:4)
  A jumping spider (shapeshifter) (Depths:2)
  A tyrant leech (Swamp:1)
  A basilisk (shapeshifter) (Depths:1)
  A fire elemental (Geh:3)
  A golden eye (Abyss:4)
  A human (D:13)
  An insubstantial wisp (Depths:2)
  An orc warrior (Elf:2)
  A swamp drake (Swamp:4)
  A necrophage (Geh:2)
  A centaur skeleton (Geh:7)
  10 ball lightnings (Depths:2)
  13 fungi
  2 lurking horrors
  3 plants
  16 starspawn tentacles
  3 tentacles (Hell)
72 creatures vanquished.

Grand Total: 3651 creatures vanquished

Notes
Turn   | Place    | Note
-------+----------+-------------------------------------------
     0 | D:1      | gainzmaster the Deep Dwarf Fighter began the quest for the
                  | Orb.
     0 | D:1      | Reached XP level 1. HP: 20/20 MP: 1/1
   125 | D:1      | Reached XP level 2. HP: 27/27 MP: 2/2
   518 | D:2      | Reached XP level 3. HP: 29/33 MP: 3/3
   929 | D:3      | Reached XP level 4. HP: 28/42 MP: 4/4
  1000 | D:3      | Noticed Grinder
  1016 | D:3      | Paralysed by Grinder for 3 turns
  1047 | D:3      | Killed Grinder
  1047 | D:3      | Reached XP level 5. HP: 29/50 MP: 5/5
  1047 | D:3      | Reached XP level 6. HP: 33/57 MP: 6/6
  1186 | D:3      | Reached skill level 5 in Axes
  1388 | D:3      | Found a runed translucent door.
  1388 | D:3      | Noticed MajorAdolf's ghost (amateur NaWn)
  1410 | D:3      | Killed MajorAdolf's ghost
  1410 | D:3      | Reached skill level 5 in Armour
  1410 | D:3      | Reached skill level 5 in Shields
  1410 | D:3      | Reached XP level 7. HP: 24/64 MP: 6/6
  1787 | D:4      | Found a hide-covered altar of Uskayaw.
  1797 | D:4      | Found a sacrificial altar of Ru.
  1851 | D:4      | Gained mutation: You are frail. (-10% HP) [potion of
                  | mutation]
  1851 | D:4      | Gained mutation: Your flesh is heat resistant. (rF+)
                  | [potion of mutation]
  1851 | D:4      | Gained mutation: Scrolls take you a little longer to read.
                  | [potion of mutation]
  1851 | D:4      | Gained mutation: You evolve. [potion of mutation]
  1852 | D:4      | Lost mutation: You are frail. (-10% HP) [potion of
                  | mutation]
  1852 | D:4      | Lost mutation: Your flesh is heat resistant. (rF+) [potion
                  | of mutation]
  1852 | D:4      | Gained mutation: You are agile. (Dex +2) [potion of
                  | mutation]
  1852 | D:4      | Gained mutation: You have sharp toenails. [potion of
                  | mutation]
  1852 | D:4      | Gained mutation: You possess an exceptional clarity of
                  | mind. [potion of mutation]
  1985 | D:4      | Gained mutation: You occasionally shout uncontrollably at
                  | your foes. [evolution]
  1985 | D:4      | Lost mutation: You evolve. [end of evolution]
  2011 | D:4      | You fall into a shaft and drop 1 floor!
  2011 | D:5      | Entered Level 5 of the Dungeon
  2482 | D:4      | Got a scorched broad axe
  2483 | D:4      | Identified the +7 broad axe of Suicidal Tendencies {drain,
                  | Int+5} (You found it on level 4 of the Dungeon)
  2654 | D:4      | Reached XP level 8. HP: 49/73 MP: 7/7
  2711 | D:4      | Found Othizip's Food Shop.
  2935 | D:5      | Found a runed translucent door.
  2940 | D:5      | Noticed Frank's ghost (novice DsGl)
  2964 | D:5      | Killed Frank's ghost
  2964 | D:5      | Reached skill level 5 in Fighting
  2970 | D:5      | Found a runed translucent door.
  3500 | D:6      | Found a staircase to the Ecumenical Temple.
  3528 | D:6      | Found an iron altar of Okawaru.
  3718 | Temple   | Entered the Ecumenical Temple
  3738 | Temple   | Became a worshipper of Makhleb the Destroyer
  3812 | D:6      | Found an ancient bone altar of Kikubaaqudgha.
  4001 | D:6      | Gained mutation: You passively map the area around you.
                  | [Deep Dwarf growth]
  4001 | D:6      | Reached XP level 9. HP: 51/81 MP: 8/8
  4024 | D:6      | Found a radiant altar of Vehumet.
  4112 | D:7      | Noticed Prince Ribbit
  4313 | D:7      | Noticed Dowan
  4314 | D:7      | Noticed Duvessa
  4321 | D:7      | Killed Dowan
  4330 | D:7      | Killed Duvessa
  4357 | D:7      | Found Fonevops's General Store.
  4412 | D:7      | Found a sparkling altar of Nemelex Xobeh.
  4444 | D:7      | Reached * piety under Makhleb
  4838 | D:7      | Found a runed translucent door.
  4839 | D:7      | Noticed Crazy Yiuf
  4854 | D:7      | Killed Crazy Yiuf
  5003 | D:8      | Found an opulent altar of Gozag.
  5176 | D:8      | Reached skill level 10 in Axes
  5249 | D:8      | Found a staircase to the Lair.
  5291 | D:8      | Found a stormy altar of Qazlal.
  5303 | D:8      | Reached ** piety under Makhleb
  5396 | D:8      | Reached XP level 10. HP: 72/92 MP: 9/9
  6022 | D:9      | Reached *** piety under Makhleb
  6109 | D:9      | Identified the +5 short sword of Revolt {venom, rF+}
  6137 | D:9      | Found a bloodstained altar of Trog.
  6641 | D:10     | Entered Level 10 of the Dungeon
  6730 | D:10     | Reached **** piety under Makhleb
  6740 | D:10     | Found a staircase to the Orcish Mines.
  7090 | D:10     | Killed an unseen horror
  7090 | D:10     | Reached XP level 11. HP: 100/100 MP: 10/10
  7853 | D:10     | Found a portal to a secret trove of treasure.
  8113 | Lair:1   | Entered Level 1 of the Lair of Beasts
  8142 | Lair:1   | Noticed a five-headed hydra
  8149 | Lair:1   | Killed a five-headed hydra
  8231 | Lair:1   | Noticed a four-headed hydra
  8248 | Lair:1   | Killed a six-headed hydra
  8642 | Lair:1   | Noticed an eight-headed hydra
  8649 | Lair:1   | Killed an eight-headed hydra
  8653 | Lair:1   | Reached skill level 10 in Shields
  8809 | Lair:2   | Reached skill level 10 in Armour
  8831 | Lair:2   | Reached ***** piety under Makhleb
  8921 | Lair:2   | Reached XP level 12. HP: 48/112 MP: 11/11
  8956 | Lair:2   | Found a staircase to the Snake Pit.
  9446 | Lair:2   | Found a staircase to the Swamp.
 10617 | Lair:4   | Reached XP level 13. HP: 123/123 MP: 12/12
 10748 | Lair:4   | Reached skill level 15 in Axes
 10749 | Lair:4   | Reached skill level 10 in Fighting
 10978 | Lair:4   | You fall into a shaft and drop 2 floors!
 10978 | Lair:6   | Entered Level 6 of the Lair of Beasts
 11065 | Lair:6   | Reached ****** piety under Makhleb
 12240 | Lair:5   | Found a runed translucent door.
 12524 | Lair:6   | Reached skill level 1 in Crossbows
 13045 | Lair:6   | Found a staircase to the Slime Pits.
 13046 | Lair:6   | Found a viscous altar of Jiyva.
 13177 | Lair:6   | Gained mutation: You resist negative energy. (rN+) [Deep
                  | Dwarf growth]
 13177 | Lair:6   | Reached XP level 14. HP: 135/135 MP: 13/13
 13461 | Lair:6   | Noticed Rupert
 13475 | Lair:6   | Killed Rupert
 13947 | Lair:5   | Got a heavily runed ruby amulet
 13952 | Lair:5   | Identified the amulet of the Gloaming {rElec rN+ Regen+
                  | Str+7 Int+3} (You found it on level 5 of the Lair of
                  | Beasts)
 14359 | D:10     | You paid a toll of 4 scrolls of blinking to enter a
                  | treasure trove
 14360 | Trove    | Entered a treasure trove
 14368 | Trove    | Got a pair of scorched gloves
 14374 | Trove    | Got a fine turquoise ring
 14394 | Trove    | Identified the +2 pair of gloves "Awnaqal" {rN+ Int+4} (You
                  | found it in a treasure trove)
 14402 | Trove    | Got a dazzling helmet
 14413 | Trove    | Identified the +0 helmet "Azaitheunk" {rN+} (You found it
                  | in a treasure trove)
 14416 | Trove    | Got a pitted lapis lazuli ring
 14418 | Trove    | Identified the ring of Nifim {Ice Int+4} (You found it in a
                  | treasure trove)
 14420 | Trove    | Identified the ring of the Crown {+Fly rPois rN+ Str+6
                  | Stlth-} (You found it in a treasure trove)
 14941 | D:11     | You fall into a shaft and drop 3 floors!
 14952 | D:14     | Found a gate leading to a gauntlet.
 14960 | Gauntlet | Entered a Gauntlet
 14960 | Gauntlet | Found a transporter.
 14963 | Gauntlet | Found a transporter.
 14979 | Gauntlet | Found a transporter.
 14983 | Gauntlet | Found a transporter.
 15001 | Gauntlet | Found a transporter.
 15014 | Gauntlet | Found a transporter.
 15027 | Gauntlet | Found a transporter.
 15047 | Gauntlet | Found a transporter.
 15051 | Gauntlet | Found a transporter.
 15059 | Gauntlet | Found a transporter.
 15082 | Gauntlet | Found the +3 pair of gauntlets of War {Slay+5}
 15082 | Gauntlet | Found a transporter.
 15086 | Gauntlet | Found a transporter.
 15409 | Gauntlet | Reached skill level 5 in Crossbows
 15419 | Gauntlet | Identified Hoebb's Reference Book on Spatial Aid
 15423 | Gauntlet | Identified Tem Gil's Incunabulum of Twisted Ice
 15425 | Gauntlet | Got an ichor-stained robe
 15427 | Gauntlet | Identified the Papyrus of Hexes
 16169 | D:15     | Entered Level 15 of the Dungeon
 16207 | D:15     | Reached XP level 15. HP: 146/146 MP: 14/14
 16242 | D:15     | Noticed Josephine
 16253 | D:15     | Killed Josephine
 16839 | D:15     | Found a staircase to the Depths.
 17485 | D:13     | Found a gate to the Vaults.
 17589 | D:13     | Noticed Kirke
 17594 | D:13     | Noticed a frost giant
 17611 | D:13     | Killed Kirke
 17614 | D:13     | Killed a frost giant
 18220 | D:12     | Found a runed translucent door.
 18222 | D:12     | Noticed Noeciz's ghost (journeyman GrFi)
 18248 | D:12     | Killed Noeciz's ghost
 18669 | D:12     | Reached XP level 16. HP: 158/158 MP: 15/15
 19148 | Orc:1    | Entered Level 1 of the Orcish Mines
 19300 | Orc:1    | You fall into a shaft and drop 1 floor!
 19300 | Orc:2    | Entered Level 2 of the Orcish Mines
 19386 | Orc:1    | Found Jotaw's Magic Scroll Emporium.
 19387 | Orc:1    | Found a burning altar of Makhleb.
 19519 | Orc:2    | Found a staircase to the Elven Halls.
 19604 | Orc:2    | Found Tezaheil's Armour Shop.
 19604 | Orc:2    | Found Kannes's General Store.
 19625 | Orc:2    | Found Kileut's Assorted Antiques.
 19629 | Orc:2    | Found Gidicosm's Distillery.
 19638 | Orc:2    | Bought 3 scrolls of acquirement for 1560 gold pieces
 19638 | Orc:2    | Bought a +4 arbalest of flaming for 301 gold pieces
 19638 | Orc:2    | Bought a scroll of enchant weapon for 75 gold pieces
 19639 | Orc:2    | Bought a +2 cloak for 231 gold pieces
 19644 | Orc:2    | Acquired 1440 gold pieces
 19648 | Orc:2    | Acquired a +2 tower shield of fire resistance
 19695 | Orc:2    | Acquired the ring of Ykosob {+Inv rPois rC+ Dex+5 Slay+3}
 20615 | Snake:1  | Entered Level 1 of the Snake Pit
 20690 | Snake:1  | Found Meriezxy's Jewellery Shop.
 20735 | Snake:1  | Found Lagulor's Gadget Shoppe.
 20736 | Snake:1  | Found Boor's Jewellery Shop.
 20746 | Snake:1  | Bought the cursed necklace of Bloodlust {*Rage +Rage MR++
                  | Int-3 Slay+6 *Curse} for 603 gold pieces
 20746 | Snake:1  | Found the cursed necklace of Bloodlust {*Rage +Rage MR++
                  | Int-3 Slay+6 *Curse}
 20834 | Snake:1  | Noticed Aizul
 20846 | Snake:1  | Killed Aizul
 20886 | Snake:1  | Reached skill level 1 in Invocations
 20886 | Snake:1  | Reached skill level 1 in Evocations
 21180 | Snake:2  | Reached skill level 5 in Evocations
 21397 | Snake:2  | Found Ogoixkol's Food Emporium.
 21604 | Snake:3  | Identified Todeal's Incunabulum of Blows and Bruises
 21643 | Snake:3  | Noticed Saint Roka
 21663 | Snake:3  | Killed Saint Roka
 21663 | Snake:3  | Reached skill level 5 in Invocations
 21771 | Snake:3  | Acquired 6 rations
 21787 | Snake:3  | Noticed Vashnia
 21801 | Snake:3  | Killed Vashnia
 21801 | Snake:3  | Reached XP level 17. HP: 110/168 MP: 21/21
 22620 | Snake:4  | Entered Level 4 of the Snake Pit
 22920 | Snake:4  | Reached skill level 10 in Crossbows
 22931 | Snake:4  | Reached skill level 15 in Shields
 22972 | Snake:4  | Reached skill level 15 in Fighting
 23586 | Snake:4  | Got a serpentine rune of Zot
 23752 | Swamp:1  | Entered Level 1 of the Swamp
 23763 | Swamp:1  | Gained mutation: You passively map a large area around you.
                  | [Deep Dwarf growth]
 23763 | Swamp:1  | Reached XP level 18. HP: 178/178 MP: 24/24
 24555 | Swamp:2  | Found a stormy altar of Qazlal.
 24833 | Swamp:2  | Reached skill level 10 in Evocations
 25913 | Swamp:4  | Entered Level 4 of the Swamp
 26478 | Swamp:4  | Noticed the 27-headed Lernaean hydra
 26490 | Swamp:4  | Killed the 27-headed Lernaean hydra
 26575 | Swamp:4  | Got a decaying rune of Zot
 27062 | Depths:1 | Entered Level 1 of the Depths
 27130 | Depths:1 | Reached XP level 19. HP: 188/188 MP: 26/26
 27606 | Depths:1 | Noticed a golden dragon
 27613 | Depths:1 | Reached skill level 15 in Armour
 27632 | Depths:1 | Killed a golden dragon
 27693 | Depths:1 | Identified the cursed +1 plate armour "Meubav" {Dex+3} (You
                  | found it on level 1 of the Depths)
 28114 | Depths:1 | Found a gateway to Hell.
 28295 | Depths:2 | Gained mutation: You are partially covered in thin metallic
                  | scales. (AC +2) [a shining eye]
 28616 | Depths:2 | Reached XP level 20. HP: 155/200 MP: 27/27
 28751 | Depths:2 | Got a transparent steel ring
 28760 | Depths:2 | Identified the ring "Qocafivo" {rElec rN++ AC+4 Slay+5}
                  | (You found it on level 2 of the Depths)
 28807 | Depths:2 | Found a one-way gate leading to the halls of Pandemonium.
 29103 | Depths:3 | Found a gateway to a ziggurat.
 30371 | Depths:4 | Noticed a golden dragon
 30381 | Depths:4 | Killed a golden dragon
 30381 | Depths:4 | Reached XP level 21. HP: 174/213 MP: 28/28
 30521 | Depths:4 | Found a corrupted altar of Lugonu.
 30522 | Depths:4 | Found a one-way gate to the infinite horrors of the Abyss.
 31043 | Depths:5 | Entered Level 5 of the Depths
 31752 | Depths:5 | Found a gate to the Realm of Zot.
 32063 | Vaults:1 | Entered Level 1 of the Vaults
 32328 | Vaults:1 | Noticed Donald
 32336 | Vaults:1 | Killed Donald
 32684 | Vaults:1 | Noticed Nikola
 32702 | Vaults:1 | Killed Nikola
 32702 | Vaults:1 | Reached XP level 22. HP: 225/225 MP: 29/29
 32845 | Vaults:1 | Identified the cursed +0 dagger of Xesmext {vorpal, MR+
                  | Str+5}
 32933 | Vaults:1 | Found a runed translucent gate.
 32933 | Vaults:1 | Found a runed translucent gate.
 32933 | Vaults:1 | Found a runed translucent gate.
 32933 | Vaults:1 | Noticed Synox's ghost (legendary FoFi)
 32977 | Vaults:1 | Identified Sif Muna's Collected Works on Envenoming
 33043 | Vaults:1 | Killed Synox's ghost
 34360 | Vaults:2 | Reached skill level 1 in Throwing
 34461 | Vaults:2 | You fall into a shaft and drop 1 floor!
 35812 | Vaults:4 | Reached XP level 23. HP: 235/235 MP: 30/30
 35968 | Vaults:4 | Reached skill level 1 in Spellcasting
 36578 | Vaults:4 | Found Juasozuu's Assorted Antiques.
 36773 | Vaults:4 | Acquired a manual of Crossbows
 36821 | Vaults:5 | Entered Level 5 of the Vaults
 37031 | Vaults:5 | Noticed an ancient lich
 37039 | Vaults:5 | Killed an ancient lich
 37134 | Vaults:5 | Identified the +8 spear of the Hills {flame, *Noise rPois
                  | Str+4}
 37275 | Vaults:5 | Got a silver rune of Zot
 37296 | Vaults:5 | Reached skill level 5 in Spellcasting
 37483 | Vaults:5 | Reached XP level 24. HP: 246/246 MP: 30/30
 37672 | Vaults:5 | Learned a level 8 spell: Ignition
 37683 | Vaults:5 | Learned a level 8 spell: Controlled Blink
 37698 | Vaults:5 | Learned a level 8 spell: Necromutation
 37813 | Vaults:5 | Reached skill level 1 in Translocations
 37839 | Vaults:5 | Reached skill level 1 in Necromancy
 38848 | Vaults:2 | Found a staircase to the Crypt.
 38853 | Crypt:1  | Entered Level 1 of the Crypt
 38868 | Crypt:1  | Noticed a greater mummy
 38869 | Crypt:1  | Noticed Khufu
 38871 | Crypt:1  | Noticed a greater mummy
 38886 | Crypt:1  | Killed a greater mummy
 38887 | Crypt:1  | Killed Khufu
 38889 | Crypt:1  | Killed a greater mummy
 39546 | Crypt:2  | Noticed Jory
 39564 | Crypt:2  | Killed Jory
 39695 | Crypt:2  | Acquired 7 rations
 39773 | Crypt:2  | Noticed Sojobo
 39791 | Crypt:2  | Killed Sojobo
 40202 | Crypt:3  | Entered Level 3 of the Crypt
 40469 | Crypt:3  | Found a basalt altar of Yredelemnul.
 40469 | Crypt:3  | Noticed Margery
 40479 | Crypt:3  | Killed Margery
 40702 | Crypt:3  | Reached skill level 5 in Translocations
 40796 | Crypt:3  | Reached XP level 25. HP: 254/254 MP: 34/34
 40799 | Crypt:3  | Reached skill level 5 in Necromancy
 40841 | Crypt:3  | Found a staircase to the Tomb.
 40859 | Crypt:3  | Identified the Guide on Evil Magic
 41486 | Elf:1    | Entered Level 1 of the Elven Halls
 41793 | Elf:1    | Identified Cim Day's Grimoire of Necromancy
 42125 | Elf:1    | Noticed Louise
 42133 | Elf:1    | Killed Louise
 42811 | Elf:2    | Found a huge runed translucent gate.
 42813 | Elf:2    | Found a huge runed translucent gate.
 42813 | Elf:2    | Found a huge runed translucent gate.
 42814 | Elf:2    | Found a huge runed translucent gate.
 42814 | Elf:2    | Found a huge runed translucent gate.
 43561 | Elf:3    | Entered Level 3 of the Elven Halls
 43615 | Elf:3    | Found Ylehatam's Weapon Emporium.
 43623 | Elf:3    | Found Osushrebb's General Store.
 43958 | Elf:3    | Reached skill level 10 in Spellcasting
 44021 | Elf:3    | Found the cursed +13 scythe of Curses {drain, *Curse}
 44043 | Elf:3    | Identified the Volume of the Blaze and Poison
 44396 | Elf:3    | Reached XP level 26. HP: 266/266 MP: 36/36
 45141 | Slime:1  | Entered Level 1 of the Pits of Slime
 45351 | Slime:3  | Lost mutation: You possess an exceptional clarity of mind.
                  | [a shining eye]
 45353 | Slime:3  | Gained mutation: Armour fits poorly on your strangely
                  | shaped body. [a shining eye]
 46299 | Slime:5  | Entered Level 5 of the Pits of Slime
 46323 | Slime:5  | Paralysed by a floating eye for 4 turns
 46579 | Slime:5  | Noticed the Royal Jelly
 46653 | Slime:5  | Killed the Royal Jelly
 46658 | Slime:5  | Gained mutation: You are dopey. (Int -2) [a shining eye]
 46661 | Slime:5  | Gained mutation: You are very dopey. (Int -4) [a shining
                  | eye]
 46669 | Slime:5  | Gained mutation: Your spells are a little easier to cast,
                  | but a little less powerful. [a shining eye]
 46706 | Slime:5  | Got a slimy rune of Zot
 46730 | Slime:5  | Identified Ucry's Volume of Venom
 46747 | Slime:5  | Acquired 5 rations
 46862 | Lair:6   | Lost mutation: You are very dopey. (Int -4) [potion of
                  | mutation]
 46862 | Lair:6   | Lost mutation: You are dopey. (Int -2) [potion of mutation]
 46862 | Lair:6   | Lost mutation: You are partially covered in thin metallic
                  | scales. (AC +2) [potion of mutation]
 46862 | Lair:6   | Gained mutation: You are frail. (-10% HP) [potion of
                  | mutation]
 46862 | Lair:6   | Gained mutation: Your body sometimes deteriorates upon
                  | taking damage. [potion of mutation]
 46862 | Lair:6   | Gained mutation: You have a pair of small horns on your
                  | head. [potion of mutation]
 46863 | Lair:6   | Lost mutation: You have a pair of small horns on your head.
                  | [potion of mutation]
 46863 | Lair:6   | Lost mutation: Your spells are a little easier to cast, but
                  | a little less powerful. [potion of mutation]
 46863 | Lair:6   | Lost mutation: You are agile. (Dex +2) [potion of mutation]
 46863 | Lair:6   | Lost mutation: Your body sometimes deteriorates upon taking
                  | damage. [potion of mutation]
 46863 | Lair:6   | Gained mutation: Your muscles are strong. (Str +2) [potion
                  | of mutation]
 46863 | Lair:6   | Gained mutation: You are resistant to electric shocks.
                  | (rElec) [potion of mutation]
 47281 | Zot:1    | Entered Level 1 of the Realm of Zot
 48624 | Zot:2    | Reached XP level 27. HP: 246/246 MP: 37/37
 49236 | Zot:3    | Reached skill level 10 in Necromancy
 49261 | Zot:3    | Reached skill level 10 in Translocations
 50224 | Zot:4    | Found a transporter.
 50553 | Zot:4    | Found a transporter.
 50563 | Zot:4    | Noticed an orb of fire
 50576 | Zot:4    | Gained mutation: You sometimes yell uncontrollably at your
                  | foes. [an orb of fire]
 50582 | Zot:4    | Gained mutation: You are dopey. (Int -2) [a cacodemon]
 50587 | Zot:4    | Gained mutation: You are occasionally teleported next to
                  | monsters. [an orb of fire]
 50590 | Zot:4    | Killed an orb of fire
 50593 | Zot:4    | Gained mutation: You are sometimes teleported next to
                  | monsters. [a cacodemon]
 50594 | Zot:4    | Gained mutation: Scrolls take you longer to read. [a
                  | cacodemon]
 50645 | Zot:4    | Got a slimy steel ring
 50668 | Zot:4    | Got a transparent bone ring
 50688 | Zot:4    | Identified the ring of Perfectionism {rN++ EV+4 Stlth+}
                  | (You found it on level 4 of the Realm of Zot)
 50702 | Zot:4    | Identified the ring "Koublom" {*Tele *Slow rF+ Int+4} (You
                  | found it on level 4 of the Realm of Zot)
 50860 | Zot:5    | Entered Level 5 of the Realm of Zot
 50922 | Zot:5    | Noticed an ancient lich
 50922 | Zot:5    | Noticed an orb of fire
 50922 | Zot:5    | Noticed an orb of fire
 50935 | Zot:5    | Killed an ancient lich
 50941 | Zot:5    | Noticed an ancient lich
 51348 | Zot:5    | Killed an ancient lich
 51348 | Zot:5    | Noticed an orb of fire
 51350 | Zot:5    | Gained mutation: You are clumsy. (Dex -2) [an orb of fire]
 51365 | Zot:5    | Killed an orb of fire
 51411 | Zot:5    | Noticed an orb of fire
 51415 | Zot:5    | Killed an orb of fire
 51426 | Zot:5    | Killed an orb of fire
 51450 | Zot:5    | Killed an orb of fire
 51508 | Zot:5    | Noticed an ancient lich
 51517 | Zot:5    | Killed an ancient lich
 51648 | Zot:5    | Noticed an orb of fire
 51665 | Zot:5    | Killed an orb of fire
 51953 | Zot:5    | Noticed an ancient lich
 51979 | Zot:5    | Killed an ancient lich
 52629 | Zot:5    | Lost mutation: You are sometimes teleported next to
                  | monsters. [potion of mutation]
 52629 | Zot:5    | Lost mutation: Armour fits poorly on your strangely shaped
                  | body. [potion of mutation]
 52629 | Zot:5    | Lost mutation: You are dopey. (Int -2) [potion of mutation]
 52629 | Zot:5    | Gained mutation: You are resistant to hostile enchantments.
                  | (MR+) [potion of mutation]
 52629 | Zot:5    | Gained mutation: Your mind is acute. (Int +2) [potion of
                  | mutation]
 52630 | Zot:5    | Lost mutation: Your mind is acute. (Int +2) [potion of
                  | mutation]
 52630 | Zot:5    | Lost mutation: You are frail. (-10% HP) [potion of
                  | mutation]
 52630 | Zot:5    | Gained mutation: You are frail. (-10% HP) [potion of
                  | mutation]
 52630 | Zot:5    | Lost mutation: You are clumsy. (Dex -2) [potion of
                  | mutation]
 52631 | Zot:5    | Lost mutation: Scrolls take you longer to read. [potion of
                  | mutation]
 52631 | Zot:5    | Lost mutation: Your muscles are strong. (Str +2) [potion of
                  | mutation]
 52631 | Zot:5    | Lost mutation: Scrolls take you a little longer to read.
                  | [potion of mutation]
 52631 | Zot:5    | Gained mutation: Your mind is acute. (Int +2) [potion of
                  | mutation]
 52631 | Zot:5    | Gained mutation: Scrolls take you a little longer to read.
                  | [potion of mutation]
 52631 | Zot:5    | Gained mutation: You expend magic power (3 MP) to
                  | strengthen your wands. [potion of mutation]
 52631 | Zot:5    | Gained mutation: You have a pair of small horns on your
                  | head. [potion of mutation]
 52632 | Zot:5    | Lost mutation: You are resistant to electric shocks.
                  | (rElec) [potion of mutation]
 52632 | Zot:5    | Lost mutation: You are frail. (-10% HP) [potion of
                  | mutation]
 52632 | Zot:5    | Lost mutation: Your mind is acute. (Int +2) [potion of
                  | mutation]
 52632 | Zot:5    | Lost mutation: You have a pair of small horns on your head.
                  | [potion of mutation]
 52632 | Zot:5    | Gained mutation: You are somewhat resistant to further
                  | mutation. [potion of mutation]
 52632 | Zot:5    | Gained mutation: You are highly resistant to hostile
                  | enchantments. (MR++) [potion of mutation]
 52633 | Zot:5    | Lost mutation: You sometimes yell uncontrollably at your
                  | foes. [potion of mutation]
 52633 | Zot:5    | Lost mutation: Scrolls take you a little longer to read.
                  | [potion of mutation]
 52633 | Zot:5    | Lost mutation: You are occasionally teleported next to
                  | monsters. [potion of mutation]
 52633 | Zot:5    | Lost mutation: You occasionally shout uncontrollably at
                  | your foes. [potion of mutation]
 52809 | Hell     | Entered the Vestibule of Hell
 52809 | Hell     | Noticed Geryon
 52853 | Hell     | Killed Geryon
 52882 | Hell     | Found a gateway to the ashen valley of Gehenna.
 53786 | Hell     | Found a gateway to the Iron City of Dis.
 53844 | Hell     | Found a gateway to the freezing wastes of Cocytus.
 53894 | Hell     | Found a gateway to the decaying netherworld of Tartarus.
 54051 | Geh:1    | Entered Level 1 of Gehenna
 54118 | Geh:2    | Cast into level 2 of the Abyss (hell knight)
 54486 | Abyss:4  | Found an opulent altar of Gozag.
 54495 | Abyss:4  | Found an opulent altar of Gozag.
 54608 | Abyss:4  | Paralysed by accursed screaming for 1 turns
 54662 | Abyss:4  | Reached skill level 15 in Spellcasting
 55146 | Abyss:5  | Entered Level 5 of the Abyss
 55414 | Abyss:5  | Got an abyssal rune of Zot
 55436 | Geh:2    | Escaped the Abyss
 55686 | Geh:2    | Reached skill level 1 in Transmutations
 56139 | Geh:5    | Reached skill level 5 in Transmutations
 56193 | Geh:7    | Entered Level 7 of Gehenna
 56602 | Geh:7    | Identified the +7 sceptre of Asmodeus
 56602 | Geh:7    | Noticed Asmodeus
 56637 | Geh:7    | Killed Asmodeus
 56683 | Geh:7    | Got an obsidian rune of Zot
 56797 | Geh:7    | Reached skill level 15 in Translocations
 57245 | Dis:1    | Entered Level 1 of the Iron City of Dis
 57686 | Tomb:1   | Entered Level 1 of the Tomb of the Ancients
 58607 | Tomb:1   | Noticed a greater mummy
 58608 | Tomb:1   | Noticed a greater mummy
 58611 | Tomb:1   | Noticed a greater mummy
 58613 | Tomb:1   | Noticed a greater mummy
 58623 | Tomb:1   | Killed a greater mummy
 58625 | Tomb:1   | Killed a greater mummy
 58630 | Tomb:1   | Killed a greater mummy
 58636 | Tomb:1   | Killed a greater mummy
 58647 | Tomb:1   | HP: 11/283 [something (17)]
 58997 | Tomb:1   | Identified the ring of Egalitarianism {Wiz MR+++ MP-9 SInv}
 59391 | Tomb:2   | Noticed a greater mummy
 59394 | Tomb:2   | Noticed a greater mummy
 59395 | Tomb:2   | Noticed a greater mummy
 59401 | Tomb:2   | Noticed a greater mummy
 59409 | Tomb:2   | Killed a greater mummy
 59409 | Tomb:2   | Noticed Boris
 59416 | Tomb:2   | Killed a greater mummy
 59416 | Tomb:2   | Killed a greater mummy
 59423 | Tomb:2   | Killed a greater mummy
 59429 | Tomb:2   | Killed Boris
 59694 | Tomb:1   | Noticed a greater mummy
 59695 | Tomb:1   | Noticed a greater mummy
 59696 | Tomb:1   | Noticed a greater mummy
 59701 | Tomb:1   | Killed a greater mummy
 59703 | Tomb:1   | Noticed a greater mummy
 59704 | Tomb:1   | Noticed a greater mummy
 59707 | Tomb:1   | HP: 8/284 [greater mummy/divine providence (10)]
 59707 | Tomb:1   | Slain by an emperor scorpion

Illustrated notes

Levels and vault maps discovered:
D:1:      tarquinn_simple_flora_water_e, layout_rooms
D:2:      layout_basic, first_ration
D:3:      layout_basic, hellmonk_ghost_happy_afterlife, feat_on_display,
          uniq_grinder
D:4:      layout_basic, grunt_temple_overflow_open, serial_shops, shop
D:5:      layout_basic, ebering_ghost_sewer_f, minmay_misc_feat_x
D:6:      layout_loops_cross, nicolae_overflow_hidden_temple,
          okawaru_metal_pillars_3, kiku_gazebo_garden_becter, temple_doors_e,
          minmay_checkerbox
D:7:      layout_basic, nemelex_xobeh_ov_fountains_minmay, serial_shops,
          nicolae_shop_stone, uniq_crazy_yiuf_cottage, uniq_prince_ribbit1,
          uniq_duvessa
D:8:      layout_basic, kennysheep_little_box, overflow_temple_1_default,
          erik_lair_orcish_takeover
D:9:      layout_basic, lemuel_doored_altar
D:10:     minmay_razor_zed, layout_basic, hiddenorc2_lemuel,
          nicolae_trove_entry_path_of_doom
D:11:     layout_roguey, blue_anna_alchemist [blue_anna_fruit_fields,
          blue_anna_fruit_fields]
D:12:     layout_grid_maze, gammafunk_ghost_grave
D:13:     hourglass_vault, layout_cave_pools, erik_vaults_2, evilmike_butchery,
          uniq_kirke
D:14:     layout_gridville, serial_park_tiny_1, gauntlet_entry_generic
D:15:     grunt_enter_depths_magical_seal, layout_basic, nrook_pool_corridor,
          hangedman_weighted_door, minivault_11, uniq_josephine
Temple:   cyrus_circular_temple
Lair:1:   layout_long_grid
Lair:2:   layout_hall_layers, skrybe_swamp_entry_bodies,
          minmay_snake_entry_guardpost_medium
Lair:3:   layout_regular_city, grunt_megastairs_1
Lair:4:   layout_layer_cave, grunt_megastairs_4
Lair:5:   layout_misc_corridors, pf_torpor_hydra
Lair:6:   hangedman_lair_in_review, layout_regular_city, slime_altar_1,
          uniq_rupert
Swamp:1:  layout_basic_swamp, hangedman_swamp_cone
Swamp:2:  layout_basic_swamp, basic_altar, infiniplex_staircase_pool
Swamp:3:  layout_basic_swamp, evilmike_swamp_ruin_house_5, swamp_pool5,
          nicolae_swamp_orc_logging_accident
Swamp:4:  swamp_old_school, layout_basic_swamp
Snake:1:  layout_onion_interference, minmay_shop_grove, uniq_aizul
Snake:2:  layout_rooms, serial_shops, nicolae_shop_window_shopping
Snake:3:  layout_cave_town, uniq_saint_roka, uniq_vashnia
Snake:4:  grunt_snake_rune_serpentine_throne, layout_cave_town,
          statue_in_the_mist_lemuel
Slime:1:  layout_caves
Slime:2:  layout_caves, basic_altar, uniq_dissolution
Slime:3:  layout_caves
Slime:4:  cheibrodos_slime_lost_civilization_2, layout_caves
Slime:5
Orc:1:    layout_diamond_mine, serial_shops, nicolae_shop_crystal,
          bloody_makhleb
Orc:2:    st_orc_mages, layout_diamond_mine
Elf:1:    eino_elf_arrival_shootout, layout_onion_city, minmay_elf_necromancy,
          uniq_louise
Elf:2:    layout_geoelf_diagonals, grunt_megastairs_2
Elf:3:    minmay_elf_hall_four_x, layout_loops_cross, minmay_shop_star
Vaults:1: gammafunk_vaults_ghost_necromancy, nicolae_vaults_network_s,
          dpeg_vaults_waves, vaults_mumra_hexcomb, nicolae_vaults_little_ls,
          vaults_mumra_minichess, nicolae_vaults_what_the_h, vaults_room_pools,
          nicolae_vaults_circle_grid_a, vaults_standard_mumra_x,
          grunt_vaults_swirl, nicolae_vaults_little_squares_6,
          ontoclasm_vaults_loading_screen, layout_vaults_omnicross, uniq_nikola,
          uniq_donald
Vaults:2: nicolae_vaults_ring_of_whatevers, blue_anna_dwarven_crypt, v_misc_28,
          v_misc_2, vaults_dpeg_hooks, v_misc_32, vaults_room_door_ring,
          nicolae_vaults_little_squares_1, vaults_room_pool,
          dpeg_vaults_monster_box, layout_vaults_omnigrid
Vaults:3: vaults_mumra_hex, ontoclasm_vaults_misaligned, ontoclasm_vaults_idyll,
          hangedman_vaults_cutoff, vaults_room_pool,
          nicolae_vaults_ninety_degrees, nicolae_vaults_triangles,
          vaults_dpeg_diagonal, vaults_room_fancy_cross,
          nicolae_vaults_network_square, vaults_room_pool, v_misc_17,
          hangedman_vaults_restitches, ontoclasm_vaults_gateway,
          layout_vaults_ring
Vaults:4: v_misc_5, vaults_mumra_chevron_long, v_misc_23,
          ontoclasm_vaults_fault, nicolae_vaults_diagonal_hallway_6,
          vaults_room_hallway, vaults_room_glass_cross,
          hangedman_vaults_restitches, v_misc_27, layout_vaults_maze_bifur,
          serial_shops, shop
Vaults:5
Crypt:1:  layout_chaotic_city, uniq_khufu
Crypt:2:  layout_regular_city, uniq_sojobo, uniq_jory
Crypt:3:  grunt_crypt_end_deaths_head, uniq_margery
Tomb:1
Tomb:2:   uniq_boris
Depths:1: layout_basic, grunt_hell_horde, ebering_dispersal_statue_hall,
          minmay_the_grid_2x2 [minmay_the_grid_spikes, minmay_the_grid_garden,
          minmay_the_grid_odd_star, minmay_the_grid_prize_four_corners]
Depths:2: radiant_caverns_b_rkd, hell_entry, pan_entry
Depths:3: cheibrodos_tormentor_scu, layout_gridlike, enter_ziggurat_f,
          hangedman_decor_clover_reticule, hell_entry, rand_demon_pan_entry_9
Depths:4: evilmike_cross, layout_cave_pools, hangedman_coc_ice_floe,
          serial_sigils_hangedman_clutch, abyss_entry_flame_altar
Depths:5: evilmike_zot_entry_basic, layout_cave_shapes, pf_hell_entry_great_geh,
          minmay_crystal_water, kennysheep_random_hallway, serial_bayou_shore_a
Hell
Dis:1:    layout_jigsaw
Geh:1:    layout_gehenna_lava_caves
Geh:2:    layout_gehenna_pools_triple, lemuel_elevator
Geh:3:    layout_gehenna_pools_triple, lemuel_flamethrower_3
Geh:4:    layout_gehenna_lava_caves
Geh:5:    layout_gehenna_pools_box
Geh:6:    layout_gehenna_lava_caves
Geh:7:    evilmike_geh
Zot:1:    kennysheep_blocky_hall, layout_twisted_circle
Zot:2:    layout_misc_corridors, st_stairs_10
Zot:3:    layout_twisted_circle
Zot:4:    gammafunk_dig_for_victory, layout_gridlike
Zot:5:    layout_misc_corridors

Skill      XL: |  1  2  3  4  5  6  7  8  9 10 11 12 13 14 15 16 17 18 19 20 21 22 23 24 25 26 27 |
---------------+----------------------------------------------------------------------------------+-----
Axes           | 3 4 5 6 8 10 11 13 14 16 17 18 19 20 23 | 23.0
Fighting       | 3 4 5 6 7 8 9 11 12 13 14 15 16 18 19 20 21 23 | 23.6
Armour         | 4 5 6 7 9 10 11 12 13 14 16 17 19 20 21 22 23 25 | 25.7
Shields        | 4 5 6 7 9 10 11 12 13 14 15 16 17 19 20 21 22 23 25 | 25.0
Crossbows      | 2 5 7 9 10 11 | 11.3
Invocations    | 5 7 9 |  9.4
Evocations     | 7 9 10 | 10.7
Throwing       | 3 4 |  4.1
Spellcasting   | 5 8 10 11 17 | 17.7
Translocations | 5 7 9 15 | 15.7
Necromancy     | 4 7 9 14 | 14.0
Transmutations | 9 |  9.9

Action                   |  1- 3 |  4- 6 |  7- 9 | 10-12 | 13-15 | 16-18 | 19-21 | 22-24 | 25-27 || total
-------------------------+-------+-------+-------+-------+-------+-------+-------+-------+-------++-------
Melee: War axe           |   111 |   137 |    71 |       |       |       |       |       |       ||   319
       Broad axe         |       |       |   259 |   612 |   840 |  1052 |  1023 |  1310 |  3006 ||  8102
       Mace              |       |       |       |       |    73 |       |       |       |       ||    73
 Fire: Hand crossbow     |       |       |       |       |     7 |    35 |       |       |       ||    42
Throw: Javelin           |       |       |       |       |       |       |     3 |     6 |       ||     9
Invok: Greater Servant o |       |       |       |       |       |       |       |       |     1 ||     1
 Abil: Heal Wounds       |       |     2 |     5 |       |     1 |       |       |       |       ||     8
       Evoke Berserk Rag |       |       |       |       |       |     4 |     1 |     1 |     6 ||    12
Evoke: Wand              |       |       |     2 |     7 |    13 |       |     3 |       |     2 ||    27
       Phantom mirror    |       |       |       |       |       |     1 |       |       |       ||     1
  Use: Potion            |       |     1 |     6 |       |     4 |     4 |     1 |       |    18 ||    34
       Scroll            |       |       |     5 |     4 |    14 |     5 |     5 |     6 |    19 ||    58
 Stab: Petrifying        |       |       |       |       |     2 |       |       |       |       ||     2
       Invisible         |       |       |       |       |     2 |       |       |       |     5 ||     7
       Confused          |       |       |       |       |       |     1 |       |       |       ||     1
       Distracted        |       |       |       |       |       |       |       |       |     1 ||     1
  Eat: Chunk             |       |     2 |    14 |    18 |    23 |    22 |    19 |    25 |    46 ||   169
       Ration            |       |       |       |       |     1 |     3 |       |     1 |     7 ||    12
Armor: Scale mail        |    56 |    66 |   138 |   224 |   390 |    20 |       |       |       ||   894
       Chain mail        |       |       |       |       |       |   465 |   308 |   142 |       ||   915
       Plate armour      |       |       |       |       |       |       |       |   189 |    51 ||   240
       Crystal plate arm |       |       |       |       |       |       |       |       |  1371 ||  1371
       Skin              |       |       |       |       |       |       |       |       |    13 ||    13
Dodge: Dodged            |    32 |    32 |    87 |   127 |   261 |   294 |   125 |   107 |   412 ||  1477
Block: Kite shield       |    69 |    63 |   168 |   471 |   856 |   805 |     1 |       |       ||  2433
       Reflection        |       |       |       |     5 |    45 |    11 |       |       |       ||    61
       Tower shield      |       |       |       |       |       |       |   930 |  1178 |  3269 ||  5377
